 Dungeon Crawl Stone Soup version 0.20.0-15-g7f486f2 (webtiles) character file.

278587 dvd the Imperceptible (level 19, -6/114 HPs)
             Began as a Spriggan Enchanter on June 22, 2017.
             Was an Initiate of Gozag.
             Killed by the air
             ... invoked by Wurer the Cloud Mage
              (47 damage)
             ... in a wizard's laboratory.
             The game lasted 05:19:17 (55736 turns).

dvd the Imperceptible (Spriggan Enchanter)         Turns: 55736, Time: 05:19:17

Health: -6/114     AC: 11    Str: 17    XL:     19   Next: 63%
Magic:  43/49      EV: 28    Int: 28    God:    Gozag
Gold:   2569       SH:  7    Dex: 17    Spells: 1/50 levels left

rFire    + . .     SeeInvis +   a - +12 dagger of Dithmenos's Favour {vamp, *Corrode rElec MP+9 Str+7}
rCold    . . .     Gourm    .   V - +1 buckler
rNeg     + . .     Faith    .   e - +3 troll leather armour "Vocoas" {Regen+ Dex+3}
rPois    +         Spirit   .   o - +1 hat of Noon {rElec Int+4 Dex-3 SInv}
rElec    +         Reflect  .   I - +2 cloak {rPois}
rCorr    .         Harm     .   (gloves unavailable)
MR       ++++.                  (boots unavailable)
Stlth    +++++++++.             F - amulet of Vitality {Regen+ HP+15}
Regen    1.1/turn               Z - ring of Zuveusuu {Wiz Str+4}
MPRegen  0.4/turn               S - ring of Equivalence {+Blink rF+ rN+ MR+}

@: about to teleport, gold aura, flying (expiring), very quick
A: unfitting armour, camouflage 1, see invisible, blink, herbivore 3, speed 3,
slow metabolism 2, strong 1
}: 2/15 runes: decaying, gossamer
a: Blink, Potion Petition, Call Merchant, Bribe Branch, Renounce Religion, Evoke
Blink


You were in a wizard's laboratory.
You worshipped Gozag.
Gozag was most pleased with you.
You were not hungry.

You visited 8 branches of the dungeon, and saw 36 of its levels.
You also visited: Labyrinth, Ossuary, Ice Cave and Wizlab.

You collected 16093 gold pieces.
You spent 5615 gold pieces at shops.
You paid 7909 gold pieces to Gozag.

Inventory:

Hand Weapons
 a - the +12 dagger of Dithmenos's Favour (weapon) {vamp, *Corrode rElec MP+9 Str+7}
   (You found it on level 3 of the Elven Halls)

   It inflicts no extra harm, but heals its wielder when it wounds a living foe.
   It affects your strength (+7).
   It insulates you from electricity.
   It affects your magic capacity (+9).
   It may corrode you when you take damage.
Armour
 b - a +2 robe of cold resistance
 e - the +3 troll leather armour "Vocoas" (worn) {Regen+ Dex+3}
   (You bought it in a shop on level 4 of the Spider Nest)

   It affects your dexterity (+3).
   It increases your rate of regeneration.
 o - the +1 hat of Noon (worn) {rElec Int+4 Dex-3 SInv}
   (You found it in an ice cave)

   It affects your intelligence (+4).
   It affects your dexterity (-3).
   It insulates you from electricity.
   It lets you see invisible.
 C - a scarf of cloud immunity
 I - a +2 cloak of poison resistance (worn)
 J - the +3 robe of Clouds {+Fly rElec}
   (You bought it in a shop on level 1 of the Orcish Mines)

   It insulates you from electricity.
   It lets you fly.
 V - a +1 buckler (worn)
Jewellery
 F - the amulet of Vitality (around neck) {Regen+ HP+15}
   (You bought it in a shop on level 5 of the Dungeon)

   [amulet of regeneration]

   It affects your health (+15).
   It increases your rate of regeneration.
 K - a +4 amulet of reflection
 S - the ring of Equivalence (right hand) {+Blink rF+ rN+ MR+}
   (You bought it in a shop on level 4 of the Lair of Beasts)

   [ring of protection from fire]

   It protects you from fire.
   It protects you from negative energy.
   It affects your resistance to hostile enchantments.
   It lets you blink.
 X - the ring "Opijig" {+Inv +Fly rElec Str+3 SInv}
   (You bought it in a shop on level 4 of the Lair of Beasts)

   [ring of flight]

   It affects your strength (+3).
   It insulates you from electricity.
   It lets you see invisible.
   It lets you turn invisible.
   It lets you fly.
 Z - the ring of Zuveusuu (left hand) {Wiz Str+4}
   (You found it on level 6 of the Lair of Beasts)

   [ring of wizardry]

   It improves your spell success rate.
   It affects your strength (+4).
Wands
 l - a wand of iceblast (10/15)
 w - a wand of digging (11/24)
 B - a wand of lightning (6/15)
 L - a wand of scattershot (2/9)
 R - a wand of acid (6/15)
 W - a wand of paralysis (9/24)
Scrolls
 h - 3 scrolls of fear
 k - 14 scrolls of remove curse
 q - 14 scrolls of identify
 r - 5 scrolls of recharging
 s - 3 scrolls of amnesia
 u - 5 scrolls of teleportation
 D - 3 scrolls of fog
 E - 3 scrolls of blinking
 P - 2 scrolls of immolation
 Y - a scroll of summoning
Potions
 f - 4 potions of cancellation
 g - 3 potions of flight
 i - a potion of might
 n - 3 potions of resistance
 p - 16 potions of curing
 x - 7 potions of heal wounds
 z - 4 potions of agility
 O - 3 potions of haste
 Q - 3 potions of brilliance
Books
 c - a book of Summonings

   Spells                             Type                      Level
   a - Recall                         Summoning/Translocation      3
   b - Aura of Abjuration             Summoning                    5
   c - Summon Demon                   Summoning                    5
   d - Summon Forest                  Summoning/Translocation      5
   e - Summon Mana Viper              Hexes/Summoning              5
   f - Shadow Creatures               Summoning                    6
 d - a book of Power

   Spells                             Type                      Level
   a - Iskenderun's Battlesphere      Conjuration/Charms           5
   b - Venom Bolt                     Conjuration/Poison           5
   c - Bolt of Magma                  Conjuration/Fire/Earth       5
   d - Iron Shot                      Conjuration/Earth            6
   e - Orb of Destruction             Conjuration                  7
   f - Spellforged Servitor           Conjuration/Summoning        7
 v - a book of Enchantments

   Spells                             Type                      Level
   a - Cause Fear                     Hexes                        4
   b - Yara's Violent Unravelling     Hexes/Transmutation          5
   c - Silence                        Hexes/Air                    5
   d - Deflect Missiles               Charms/Air                   6
   e - Discord                        Hexes                        8
 G - a Young Poisoner's Handbook

   Spells                             Type                      Level
   a - Sting                          Conjuration/Poison           1
   b - Poisonous Vapours              Poison/Air                   2
   c - Mephitic Cloud                 Conjuration/Poison/Air       3
   d - Olgreb's Toxic Radiance        Poison                       4
   e - Venom Bolt                     Conjuration/Poison           5
Comestibles
 j - 15 fruits
 t - 3 bread rations
 U - a royal jelly


   Skills:
 * Level 10.7 Fighting
 + Level 13.7 Short Blades
 * Level 2.4 Armour
 + Level 13.6 Dodging
 + Level 22.1 Stealth
 + Level 1.8 Shields
 + Level 16.1 Spellcasting
 + Level 3.2 Conjurations
 * Level 18.0 Hexes
 + Level 6.8 Charms
 * Level 6.0 Summonings
 + Level 3.3 Necromancy
 + Level 4.1 Translocations
 + Level 2.3 Transmutations
 + Level 8.3 Ice Magic
 + Level 9.0 Evocations


You had one spell level left.
You knew the following spells:

 Your Spells              Type           Power        Failure   Level  Hunger
a - Yara's Violent Unrav  Hex/Tmut       ######....   1%          5    None
b - Ensorcelled Hibernat  Hex/Ice        ######       1%          2    None
c - Confuse               Hex            #######.     0%          3    None
d - Dazzling Spray        Conj/Hex       ######       1%          3    None
e - Tukima's Dance        Hex            #######.     0%          3    None
f - Shroud of Golubria    Chrm/Tloc      ######....   1%          2    None
g - Regeneration          Chrm/Necr      ######....   1%          3    None
h - Ozocubu's Armour      Chrm/Ice       ######..     1%          3    None
i - Blink                 Tloc           N/A          1%          2    None
j - Summon Ice Beast      Ice/Summ       ######..     1%          4    None
k - Throw Icicle          Conj/Ice       ######..     1%          4    None
l - Discord               Hex            #######...   6%          8    ######.
m - Aura of Abjuration    Summ           ######....   3%          5    None
n - Sublimation of Blood  Necr           #####.....   1%          2    None


Dungeon Overview and Level Annotations

Branches:
Dungeon (15/15)            Temple (1/1) D:5            Lair (6/6) D:8
  Swamp (4/4) Lair:3       Spider (4/4) Lair:2        Slime (0/5) Lair:5
    Orc (2/2) D:11            Elf (3/3) Orc:2        Vaults (1/5) D:13
 Depths: D:15

Altars:
Ashenzari
Cheibriados
Dithmenos
Elyvilon
Fedhas
Gozag
Hepliaklqana
Kikubaaqudgha
Makhleb
Nemelex Xobeh
Okawaru
Qazlal
Ru
Sif Muna
Trog
Uskayaw
Vehumet
Xom
Yredelemnul
Zin
The Shining One
Beogh
Jiyva

Shops:
D:5 =   D:10 =*[!   D:11 (   D:12 [   D:14 (   Orc:1 }[   Orc:2 (:!!   Elf:1 :
Lair:4 =   Spider:3 *   Spider:4 [

Portals:
Pandemonium: Orc:2
Trove: Elf:2 (show slimy rune of Zot)


Innate Abilities, Weirdness & Mutations

You are very small and have problems with some larger weapons.
You are too small for most types of armour.
You have supernaturally acute eyesight. (SInv)
You are a herbivore.
You cover ground extremely quickly.
You need consume almost no food.
Your skin changes colour to match your surroundings (Stealth+).
You can translocate small distances at will.
Your muscles are strong. (Str +2)


Message History

You feel strangely unstable.
The air elemental hits you but does no damage.
The air elemental is distracted by the nearby gold.
The air elemental closely misses you. The air elemental misses you.
The air elemental barely misses you.
The air elemental hits you but does no damage.
The wind drake flaps its wings at you. The air twists around and strikes you!
An insubstantial wisp comes into view.
As you read the scroll of fog, it crumbles to dust.
The scroll dissolves into smoke.
The insubstantial wisp is destroyed!
The vortex of raging winds lifts you up.
You fly up into the air.
You block the air elemental's attack.
The air elemental hits you but does no damage.
The air elemental closely misses you. You block the air elemental's attack.
Wurer waves her arms in wide circles.
The air twists around and violently strikes you in flight!
You die...
Your body crumbles into a pile of gold.

≈≈≈≈≈≈≈≈≈≈≈≈≈≈≈≈≈≈≈≈≈...▓▓▓§§§§§§
####################≈≈≈...▓▓§§§§§
# ###########≈≈≈≈≈..▓v§§§§
#§§#§§#§§##≈≈≈≈≈≈.▓▓§§§§
§§§§§§k§§.#≈≈≈≈≈≈..▓§§§§
§§§§§§k§§§#≈≈≈≈≈≈≈.▓▓§§§
v§§@§§§§§.#≈≈≈≈≈≈≈..▓≈≈≈
§§§§§§§E§§'§....[...▓≈≈≈
§§§§§§§@Ev#≈≈≈≈≈≈≈..▓≈≈≈
§§§§§§§§E§#≈≈≈≈≈≈≈.▓▓≈≈≈
§§§§§§§§§§#≈≈≈≈≈≈..▓≈≈≈≈
#..#..#§§##≈≈≈≈≈≈.▓▓≈≈≈≈ # ##
########≈≈≈≈≈..▓≈≈≈≈≈
####################≈≈≈...▓▓≈≈≈≈≈
≈≈≈≈≈≈≈≈≈≈≈≈≈≈≈≈≈≈≈≈≈...▓▓▓≈≈≈≈≈≈
......................▓▓▓≈≈≈≈≈≈≈≈
▓▓▓▓▓▓▓▓▓▓▓▓▓▓▓▓▓▓▓▓▓▓▓≈≈≈≈≈≈≈≈≈≈


You could see Wurer the Cloud Mage, 2 wind drakes, 3 air elementals and 2
insubstantial wisps.

Vanquished Creatures
  Nikola (Swamp:1)
  Arachne (Spider:4)
  A tentacled monstrosity (Swamp:3)
  An Ice Fiend (IceCv)
  A deep elf master archer (Elf:3)
  Asterion (Elf:2)
  A thorn hunter (Swamp:3)
  Roxanne (Swamp:2)
  4 ghost moths
  2 emperor scorpions (Spider:4)
  5 deep elf elementalists
  3 deep elf sorcerers
  A very ugly thing (Swamp:4)
  5 entropy weavers
  3 deep elf demonologists (Elf:3)
  4 spark wasps
  5 deep elf annihilators
  2 green deaths (Swamp:4)
  Snorg (D:11)
  A minotaur (Lab)
  A deep elf death mage (Elf:3)
  2 ogre magi
  Fannar (Lair:3)
  A yaktaur captain (Vaults:1)
  Josephine (D:11)
  Erolcha (D:10)
  2 deep elf high priests (Elf:3)
  14 hydras
  An ice dragon (shapeshifter) (D:15)
  A catoblepas (D:14)
  6 centaur warriors
  2 spriggan air magi (WizLab)
  2 ghost crabs
  12 alligators
  10 two-headed ogres
  A queen ant (Spider:3)
  The ghost of Patate the Covert, a journeyman SpEn of Okawaru (Lair:1)
  3 death yaks (Lair:6)
  9 orc high priests (Orc:2)
  6 spriggans
  A thrashing horror (Swamp:4)
  Urug (D:15)
  6 deep elf knights
  5 spriggan druids
  An infernal demonspawn (Orc:2)
  10 deep elf archers
  9 swamp dragons
  The ghost of manyhoops the Quickloader, a novice CeHu of Okawaru (D:6)
  31 deep elf magi
  4 orc knights (Orc:2)
  An orc sorcerer (Orc:2)
  28 wolf spiders
  24 orb spiders
  3 oklob plants (Lair:1)
  22 ugly things
  2 large abominations (Swamp:4)
  4 cyclopes
  A manticore (D:12)
  A moth of wrath (Spider:4)
  3 elephants (Lair:6)
  A black mamba (Lair:5)
  A salamander (shapeshifter) (Vaults:1)
  Maurice (D:12)
  A vault sentinel (Vaults:1)
  30 spiny frogs
  A torpor snail (Spider:4)
  An ice statue (IceCv)
  2 orange demons (Swamp:4)
  2 gargoyles (D:10)
  5 freezing wraiths (IceCv)
  20 demonic crawlers
  5 yaktaurs (D:13)
  A rime drake (Lair:5)
  3 centaur skeletons
  3 anaconda simulacra (IceCv)
  11 komodo dragons
  A golden dragon simulacrum (IceCv)
  A minotaur zombie (Lab)
  7 ice devils
  3 meliai
  A polar bear (Lair:5)
  12 trolls
  4 wind drakes (WizLab)
  11 hornets
  A merfolk (D:10)
  41 jumping spiders
  9 tyrant leeches
  19 blink frogs
  15 bog bodies
  10 hippogriffs
  13 slime creatures
  97 redbacks
  32 air elementals (WizLab)
  2 water elementals
  51 tarantellas
  2 vampires
  2 wyverns (D:13)
  5 shadows
  5 wraiths
  35 yaks
  A ynoxinul (Orc:2)
  A small abomination (Swamp:4)
  3 dire elephant simulacra (IceCv)
  A hungry ghost (D:14)
  2 basilisks
  A neqoxec (Orc:2)
  A steam dragon (D:12)
  A warg (Orc:2)
  29 vampire mosquitoes
  5 hydra simulacra (IceCv)
  18 swamp worms
  2 harpy simulacra (IceCv)
  13 insubstantial wisps
  2 acid dragons
  19 soldier ants (Spider:3)
  4 iron troll simulacra (IceCv)
  14 water moccasins
  3 swamp drakes
  33 orc warriors
  7 porcupines
  2 ice beasts
  A phantom (D:9)
  3 sky beasts
  3 black bears
  An ettin simulacrum (IceCv)
  A necrophage (D:10)
  5 centaurs
  24 ogres
  5 boggarts (D:15)
  9 wolves
  14 crocodiles
  3 big kobolds
  29 bullfrogs
  2 elf zombies (Ossuary)
  5 earth elementals
  A wyvern skeleton (D:14)
  5 scorpions
  9 killer bees (D:12)
  3 howler monkeys (D:10)
  4 wights
  7 electric eels
  4 lava snakes (Lab)
  7 crimson imps
  5 centaur zombies
  A quasit (D:12)
  3 bullfrog zombies
  3 bullfrog skeletons
  2 gnoll shamans (D:4)
  4 jellies
  A human zombie (Ossuary)
  29 orc priests
  6 hounds
  25 orc wizards
  4 iguanas
  A hell rat (D:8)
  A polar bear simulacrum (IceCv)
  23 worker ants
  A troll simulacrum (IceCv)
  4 spriggan simulacra (IceCv)
  A big kobold zombie (Ossuary)
  2 centaur simulacra (IceCv)
  2 hound zombies (Ossuary)
  3 mummies (Ossuary)
  A howler monkey skeleton (D:7)
  14 adders
  37 gnolls
  4 naga simulacra (IceCv)
  2 ogre simulacra (IceCv)
  7 shadow imps
  8 white imps (IceCv)
  5 ufetubi (IceCv)
  2 oozes
  3 adder zombies
  A worm (D:3)
  3 dart slugs
  2 leopard geckos
  93 orcs
  7 giant cockroaches
  A gnoll zombie (Ossuary)
  10 goblins
  8 hobgoblins
  21 jackals
  3 quokkas
  2 ball pythons
  8 bats
  6 frilled lizards
  5 goblin zombies (Ossuary)
  3 hobgoblin zombies (Ossuary)
  5 jackal zombies (Ossuary)
  22 kobolds
  2 kobold zombies (Ossuary)
  A leopard gecko skeleton (D:4)
  3 orc zombies (Ossuary)
  A quokka skeleton (D:4)
  2 quokka zombies (Ossuary)
  7 rats
  3 rat zombies (Ossuary)
  A spectral orc (D:9)
1477 creatures vanquished.

Vanquished Creatures (collateral kills)
  A deep elf master archer (Elf:3)
  A thorn hunter (Swamp:3)
  5 dancing weapons
  3 two-headed ogres
  An ogre mage (D:13)
  2 orc high priests (Orc:2)
  3 deep elf knights (Elf:1)
  3 orc knights
  20 deep elf magi
  An ugly thing (D:15)
  An orc sorcerer (Orc:1)
  A troll (shapeshifter) (D:14)
  A yak (D:14)
  A vampire mosquito (D:15)
  2 soldier ants (Spider:3)
  3 orc warriors
  11 ogres
  An earth elemental (Elf:2)
  5 wights
  5 orc priests
  A gnoll shaman (D:6)
  4 gnolls (D:4)
  5 orcs
  A jackal (D:4)
82 creatures vanquished.

Vanquished Creatures (others)
  2 deep elf sorcerers (Elf:3)
  A deep elf elementalist (Elf:3)
  2 deep elf annihilators (Elf:3)
  A deep elf high priest (Elf:3)
  9 deep elf knights
  4 deep elf archers
  14 deep elf magi
  47 dancing weapons
  An insubstantial wisp (WizLab)
  8 fungi
  42 plants
131 creatures vanquished.

Grand Total: 1690 creatures vanquished

Notes
Turn   | Place    | Note
-------+----------+-------------------------------------------
     0 | D:1      | dvd the Spriggan Enchanter began the quest for the Orb.
     0 | D:1      | Reached XP level 1. HP: 9/9 MP: 5/5
   530 | D:1      | Reached XP level 2. HP: 13/13 MP: 7/7
   666 | D:1      | Learned a level 2 spell: Ensorcelled Hibernation
   833 | D:2      | Reached skill level 5 in Stealth
   833 | D:2      | Reached XP level 3. HP: 16/16 MP: 2/8
   945 | D:2      | Learned a level 3 spell: Confuse
  1023 | D:2      | Found a stormy altar of Qazlal.
  1496 | D:3      | Found a hide-covered altar of Uskayaw.
  1596 | D:3      | Reached XP level 4. HP: 20/21 MP: 2/9
  1681 | D:3      | Learned a level 3 spell: Dazzling Spray
  2083 | D:3      | Found a burning altar of Makhleb.
  2087 | D:3      | Reached XP level 5. HP: 24/24 MP: 4/11
  2252 | D:3      | Found a snail-covered altar of Cheibriados.
  2294 | D:4      | Found a blossoming altar of Fedhas.
  2404 | D:4      | Reached skill level 6 in Stealth
  2971 | D:4      | Found a bloodstained altar of Trog.
  3096 | D:4      | Noticed an ogre
  3148 | D:4      | Reached skill level 5 in Hexes
  3161 | D:4      | Reached XP level 6. HP: 29/29 MP: 1/12
  3188 | D:3      | Learned a level 3 spell: Tukima's Dance
  3878 | D:4      | Reached skill level 5 in Dodging
  4035 | D:4      | Reached skill level 7 in Stealth
  4035 | D:4      | Reached XP level 7. HP: 32/32 MP: 8/14
  4681 | D:4      | Reached skill level 1 in Ice Magic
  4738 | D:4      | Reached skill level 5 in Spellcasting
  5524 | D:5      | Entered Level 5 of the Dungeon
  5557 | D:5      | Found Banish's Jewellery Boutique.
  5563 | D:5      | Found a staircase to the Ecumenical Temple.
  5588 | Temple   | Entered the Ecumenical Temple
  5675 | Temple   | Became a worshipper of Gozag Ym Sagoz the Greedy
  5708 | D:5      | Reached XP level 8. HP: 28/37 MP: 13/16
  6016 | D:5      | Found a sand-covered staircase.
  6020 | Ossuary  | Entered an ossuary
  6229 | Ossuary  | Reached skill level 1 in Fighting
  6344 | Ossuary  | Reached skill level 5 in Short Blades
  7039 | D:5      | Reached skill level 8 in Stealth
  7786 | D:6      | Found a shadowy altar of Dithmenos.
  7796 | D:6      | Noticed manyhoops's ghost (novice CeHu)
  8003 | D:6      | Reached XP level 9. HP: 41/41 MP: 9/18
  8109 | D:6      | Found a radiant altar of Vehumet.
  8196 | D:7      | Reached skill level 9 in Stealth
  8345 | D:7      | Found a shimmering altar of Xom.
  8345 | D:7      | Found a white marble altar of Elyvilon.
  8554 | D:5      | Bought the amulet of Vitality {Regen+ HP+15} for 869 gold pieces
  8598 | D:6      | Killed manyhoops's ghost
  9326 | D:8      | Noticed a death yak
  9328 | D:8      | Noticed a death yak
  9329 | D:8      | Found a staircase to the Lair.
  9351 | D:8      | Noticed a death yak
  9388 | D:8      | Reached skill level 10 in Stealth
 10060 | D:8      | Found an iron altar of Okawaru.
 10171 | D:8      | Found a shattered altar of Ashenzari.
 10453 | Lair:1   | Entered Level 1 of the Lair of Beasts
 10465 | Lair:1   | Noticed a spiny frog
 10478 | Lair:1   | Noticed an oklob plant
 10488 | Lair:1   | Killed a spiny frog
 10488 | Lair:1   | Reached XP level 10. HP: 46/46 MP: 15/21
 10621 | Lair:1   | Noticed a spiny frog
 10660 | Lair:1   | Noticed an eight-headed hydra
 10731 | Lair:1   | Noticed Patate's ghost (journeyman SpEn)
 10791 | Lair:1   | Noticed a four-headed hydra
 10940 | Lair:1   | Reached skill level 11 in Stealth
 11016 | Lair:1   | Killed a four-headed hydra
 11016 | Lair:1   | Reached skill level 10 in Hexes
 11651 | D:9      | Found a hazy altar of Hepliaklqana.
 11665 | D:9      | Reached skill level 10 in Dodging
 12013 | D:9      | Found a basalt altar of Yredelemnul.
 12171 | D:10     | Entered Level 10 of the Dungeon
 12192 | D:10     | Noticed a gargoyle
 12204 | D:10     | Killed a gargoyle
 12204 | D:10     | Reached XP level 11. HP: 50/50 MP: 18/24
 12399 | D:10     | Found Udiesoj's Distillery.
 12399 | D:10     | Found Wuuczyto's General Store.
 12404 | D:10     | Found Careocw's Antique Armour Boutique.
 12406 | D:10     | Found Qonauref's Jewellery Boutique.
 12699 | D:10     | Noticed Erolcha
 12724 | D:10     | Reached skill level 12 in Stealth
 12827 | D:10     | Killed Erolcha
 12856 | D:10     | Noticed a deep elf mage
 13006 | D:10     | Killed a deep elf mage
 13197 | D:10     | Noticed a two-headed ogre
 13211 | D:10     | Killed a two-headed ogre
 13374 | D:10     | Learned a level 5 spell: Yara's Violent Unravelling
 13395 | D:11     | Noticed Snorg
 13396 | D:11     | Found a staircase to the Orcish Mines.
 13399 | D:11     | Killed Snorg
 13566 | D:11     | Reached skill level 1 in Conjurations
 13585 | D:11     | Reached skill level 13 in Stealth
 13780 | D:11     | Noticed Josephine
 13808 | D:11     | Killed Josephine
 14195 | D:11     | Found Yjuon's Weapon Emporium.
 14611 | D:12     | Reached XP level 12. HP: 54/54 MP: 26/26
 14627 | D:12     | Noticed Maurice
 14652 | D:12     | Killed Maurice
 15479 | D:12     | Noticed a two-headed ogre
 15484 | D:12     | Killed a two-headed ogre
 15752 | Orc:1    | Entered Level 1 of the Orcish Mines
 16219 | Orc:1    | Bought a twisted robe for 125 gold pieces
 16229 | Orc:1    | Identified the cursed -5 robe of Misfortune {-Cast *Contam *Tele *Drain EV-5 Stlth-- *Curse} (You bought it in a shop on level 1 of the Orcish Mines)
 16240 | Orc:1    | Bought an embroidered cloak for 165 gold pieces
 16265 | Orc:2    | Entered Level 2 of the Orcish Mines
 16266 | Orc:2    | Found a staircase to the Elven Halls.
 16495 | Orc:2    | Reached skill level 14 in Stealth
 16696 | Orc:2    | Reached skill level 10 in Spellcasting
 16877 | Orc:2    | Found a roughly hewn altar of Beogh.
 17099 | Orc:1    | Bought the +3 robe of Clouds {+Fly rElec} for 699 gold pieces
 17237 | Orc:2    | Reached skill level 10 in Short Blades
 17329 | Orc:2    | Found Mael's Distillery.
 17390 | Orc:1    | Found Ocvinops's Gadget Boutique.
 17807 | Orc:1    | Noticed a two-headed ogre
 17807 | Orc:1    | Noticed a two-headed ogre
 17807 | Orc:1    | Noticed a two-headed ogre
 17819 | Orc:1    | Killed a two-headed ogre
 17825 | Orc:1    | Killed a two-headed ogre
 17836 | Orc:1    | Killed a two-headed ogre
 17865 | Orc:1    | Noticed a two-headed ogre
 17865 | Orc:1    | Noticed a two-headed ogre
 17868 | Orc:1    | Noticed a two-headed ogre
 17872 | Orc:1    | Killed a two-headed ogre
 17886 | Orc:1    | Noticed an ogre mage
 17890 | Orc:1    | Killed a two-headed ogre
 18152 | Orc:1    | Killed an ogre mage
 18152 | Orc:1    | Reached XP level 13. HP: 59/59 MP: 19/28
 18587 | Orc:2    | Found Reys's Distillery.
 19242 | Orc:2    | Gained mutation: You are agile. (Dex +2) [a neqoxec]
 19608 | Orc:2    | Reached skill level 15 in Stealth
 20394 | Orc:2    | Gained mutation: You are dopey. (Int -2) [a neqoxec]
 20404 | Orc:2    | Gained mutation: You are frail. (-10% HP) [a neqoxec]
 20599 | Orc:2    | Found Tyossuis's Antique Weapon Shoppe.
 20599 | Orc:2    | Found a one-way gate leading to the halls of Pandemonium.
 20599 | Orc:2    | Found Eklev's Book Emporium.
 20603 | Orc:2    | Bought a book of Battle for 640 gold pieces
 20606 | Orc:2    | Learned a level 2 spell: Shroud of Golubria
 20610 | Orc:2    | Learned a level 3 spell: Regeneration
 20614 | Orc:2    | Learned a level 3 spell: Ozocubu's Armour
 20897 | Orc:2    | Reached skill level 1 in Charms
 21219 | Lair:1   | Killed Patate's ghost
 22001 | Lair:2   | Found a hole to the Spider Nest.
 22414 | Lair:3   | Reached skill level 16 in Stealth
 22417 | Lair:3   | Reached XP level 14. HP: 60/60 MP: 18/30
 22535 | Lair:3   | Found a labyrinth entrance.
 22602 | Lab      | Entered a labyrinth
 22866 | Lab      | Reached skill level 1 in Translocations
 22873 | Lab      | Got bloodstained ice dragon scales
 22919 | Lab      | Identified the +1 ice dragon scales of Fashionability {rF- rC++ Dex+2} (You found it in a labyrinth)
 22937 | Lab      | Learned a level 2 spell: Blink
 22945 | Lair:3   | Found a staircase to the Swamp.
 23295 | Lair:3   | Noticed Fannar
 23346 | Lair:3   | Killed Fannar
 23346 | Lair:3   | Reached skill level 5 in Fighting
 24188 | Lair:4   | Bought the ring of Equivalence {+Blink rF+ rN+ MR+} for 488 gold pieces
 24942 | Lair:5   | Reached skill level 1 in Evocations
 25545 | Lair:5   | Found a viscous altar of Jiyva.
 25545 | Lair:5   | Found a staircase to the Slime Pits.
 25990 | Lair:6   | Entered Level 6 of the Lair of Beasts
 27121 | Lair:6   | Reached skill level 17 in Stealth
 27189 | Lair:6   | Reached skill level 5 in Charms
 27213 | Lair:6   | Reached skill level 15 in Hexes
 27468 | Lair:4   | Bought the ring "Opijig" {+Inv +Fly rElec Str+3 SInv} for 490 gold pieces
 27553 | Lair:6   | Reached skill level 5 in Evocations
 27596 | Lair:6   | Reached skill level 1 in Necromancy
 27630 | Lair:6   | Reached skill level 5 in Ice Magic
 28218 | Lair:6   | Got a coiled golden ring
 28220 | Lair:6   | Identified the ring of Zuveusuu {Wiz Str+4} (You found it on level 6 of the Lair of Beasts)
 28239 | Lair:6   | Learned a level 4 spell: Summon Ice Beast
 28244 | Lair:6   | Learned a level 4 spell: Throw Icicle
 28953 | D:13     | Reached XP level 15. HP: 65/65 MP: 32/32
 29661 | D:13     | Found a gate to the Vaults.
 29874 | D:13     | Found an iron altar of Okawaru.
 30240 | D:10     | Bought a potion of curing for 42 gold pieces
 30240 | D:10     | Bought a potion of curing for 42 gold pieces
 30240 | D:10     | Bought a potion of haste for 140 gold pieces
 30240 | D:10     | Bought a potion of curing for 42 gold pieces
 30240 | D:10     | Bought a potion of mutation for 112 gold pieces
 30240 | D:10     | Bought 2 potions of heal wounds for 140 gold pieces
 30240 | D:10     | Lost mutation: You are agile. (Dex +2) [potion of mutation]
 30240 | D:10     | Lost mutation: You are frail. (-10% HP) [potion of mutation]
 30240 | D:10     | Lost mutation: You are dopey. (Int -2) [potion of mutation]
 30240 | D:10     | Gained mutation: You possess an exceptional clarity of mind. [potion of mutation]
 30240 | D:10     | Gained mutation: You are frail. (-10% HP) [potion of mutation]
 30240 | D:10     | Lost mutation: You possess an exceptional clarity of mind. [potion of mutation]
 30240 | D:10     | Gained mutation: Your flesh is heat resistant. (rF+) [potion of mutation]
 30313 | Orc:2    | Bought a potion of haste for 110 gold pieces
 30313 | Orc:2    | Bought a potion of curing for 33 gold pieces
 30313 | Orc:2    | Bought a potion of heal wounds for 55 gold pieces
 30313 | Orc:2    | Bought a potion of curing for 33 gold pieces
 30313 | Orc:2    | Bought a potion of heal wounds for 55 gold pieces
 30313 | Orc:2    | Bought a potion of curing for 33 gold pieces
 30315 | Orc:2    | Bought a potion of heal wounds for 65 gold pieces
 30728 | D:14     | Reached skill level 1 in Summonings
 31054 | D:14     | Found Jogeitia's Antique Weapon Shoppe.
 31757 | D:15     | Entered Level 15 of the Dungeon
 31759 | D:15     | Reached skill level 18 in Stealth
 31760 | D:15     | Noticed Urug
 31765 | D:15     | Killed Urug
 33398 | Spider:1 | Entered Level 1 of the Spider Nest
 34974 | Spider:2 | Reached XP level 16. HP: 72/72 MP: 28/34
 36080 | Spider:3 | Reached skill level 19 in Stealth
 37081 | Spider:3 | Bought a scroll of blinking for 97 gold pieces
 37518 | Spider:3 | Lost mutation: You are frail. (-10% HP) [potion of mutation]
 37518 | Spider:3 | Lost mutation: Your flesh is heat resistant. (rF+) [potion of mutation]
 37518 | Spider:3 | Gained mutation: Your skin changes colour to match your surroundings (Stealth+). [potion of mutation]
 37518 | Spider:3 | Gained mutation: Your muscles are strong. (Str +2) [potion of mutation]
 37518 | Spider:3 | Gained mutation: You can translocate small distances at will. [potion of mutation]
 37589 | Spider:4 | Entered Level 4 of the Spider Nest
 38545 | Spider:4 | Noticed Arachne
 40027 | Spider:4 | Reached XP level 17. HP: 85/85 MP: 7/36
 40679 | Spider:4 | Killed Arachne
 40679 | Spider:4 | Reached skill level 20 in Stealth
 40852 | Spider:4 | Got a gossamer rune of Zot
 41100 | Spider:4 | Reached skill level 1 in Shields
 41651 | Spider:4 | Bought a pitted troll leather armour for 540 gold pieces
 41669 | Spider:4 | Identified the +3 troll leather armour "Vocoas" {Regen+ Dex+3} (You bought it in a shop on level 4 of the Spider Nest)
 41822 | Swamp:1  | Entered Level 1 of the Swamp
 41852 | Swamp:1  | Noticed Nikola
 41866 | Swamp:1  | Killed Nikola
 42670 | Swamp:2  | Noticed Roxanne
 43140 | Swamp:2  | Reached skill level 21 in Stealth
 43491 | Swamp:2  | Killed Roxanne
 43492 | Swamp:2  | Identified Roxanne's Grimoire of Clay (You took it off Roxanne on level 2 of the Swamp)
 44373 | Swamp:3  | Reached skill level 1 in Armour
 44775 | Swamp:4  | Entered Level 4 of the Swamp
 44892 | Swamp:4  | Reached XP level 18. HP: 92/92 MP: 34/37
 45093 | Swamp:4  | Noticed a tentacled monstrosity
 45295 | Swamp:4  | Reached skill level 15 in Spellcasting
 46321 | Swamp:3  | Killed a tentacled monstrosity
 46585 | Swamp:4  | Got a decaying rune of Zot
 47109 | Elf:1    | Entered Level 1 of the Elven Halls
 47153 | Elf:1    | Found Sutuada's Book Boutique.
 47177 | Elf:1    | Bought a book of Enchantments for 600 gold pieces
 47186 | Elf:1    | Learned a level 8 spell: Discord
 47377 | Elf:1    | Reached skill level 1 in Transmutations
 48274 | Elf:1    | Identified the Handbook of Conjuration
 48943 | Elf:2    | Learned a level 5 spell: Aura of Abjuration
 49014 | Elf:2    | Reached skill level 5 in Summonings
 49027 | Elf:2    | Reached skill level 10 in Fighting
 49513 | Elf:2    | Found a portal to a secret trove of treasure.
 49514 | Elf:2    | Noticed Asterion
 49525 | Elf:2    | Killed Asterion
 49860 | Elf:2    | Found a huge runed gate.
 49860 | Elf:2    | Found a huge runed gate.
 49860 | Elf:2    | Found a huge runed gate.
 49860 | Elf:2    | Found a huge runed gate.
 49860 | Elf:2    | Found a huge runed gate.
 51182 | Elf:2    | Reached XP level 19. HP: 98/98 MP: 28/39
 51232 | Elf:3    | Entered Level 3 of the Elven Halls
 51345 | Elf:3    | Found a frozen archway.
 51354 | IceCv    | Entered an ice cave
 52674 | IceCv    | Got a jewelled hat
 52685 | IceCv    | Identified the +1 hat of Noon {rElec Int+4 Dex-3 SInv} (You found it in an ice cave)
 52694 | IceCv    | Identified Sif Muna's Grimoire of the Dark Snowflakes
 53226 | Elf:3    | Noticed a Tzitzimitl
 53360 | Elf:3    | HP: 3/114 [deep elf master archer/arrow (23)]
 54240 | Elf:3    | Got a translucent dagger {vamp}
 54312 | Elf:3    | Identified the +12 gold dragon scales "Bovasm" {rPois rF+ rC+ Int+5} (You found it on level 3 of the Elven Halls)
 54338 | Elf:3    | Identified the +12 dagger of Dithmenos's Favour {vamp, *Corrode rElec MP+9 Str+7} (You found it on level 3 of the Elven Halls)
 54360 | Elf:3    | Learned a level 2 spell: Sublimation of Blood
 54366 | Elf:3    | Identified Jeerch's Incunabulum of Conjuration
 54377 | Elf:3    | Got black opal-studded fire dragon scales
 54378 | Elf:3    | Identified the cursed +0 fire dragon scales of Rotation {rF++ rC- rCorr Stlth+} (You found it on level 3 of the Elven Halls)
 54418 | Elf:3    | Got a bloodstained short sword
 54419 | Elf:3    | Identified the cursed +1 short sword "Vidua" {freeze, Str-3 Dex+8} (You found it on level 3 of the Elven Halls)
 54834 | Vaults:1 | Entered Level 1 of the Vaults
 55168 | Vaults:1 | Found a magical portal.
 55237 | WizLab   | Entered The Chambers of the Cloud Mage
 55246 | WizLab   | Reached skill level 22 in Stealth
 55734 | WizLab   | Noticed Wurer
 55736 | WizLab   | Killed from afar by Wurer the Cloud Mage

Skill      XL: |  1  2  3  4  5  6  7  8  9 10 11 12 13 14 15 16 17 18 19 |
---------------+----------------------------------------------------------+-----
Spellcasting   | 3 4 5 7 8 9 10 11 12 13 14 15 16 | 16.1
Stealth        | 5 6 7 8 10 11 13 14 16 17 18 19 21 22 | 22.1
Hexes          | 4 5 6 7 9 10 12 13 14 15 16 17 18 | 18.0
Short Blades   | 2 3 4 6 7 8 9 10 11 12 13 | 13.7
Dodging        | 4 5 6 8 10 11 12 13 | 13.6
Ice Magic      | 1 2 3 4 5 6 7 8 |  8.3
Fighting       | 1 2 4 6 7 8 9 10 | 10.7
Conjurations   | 1 2 3 |  3.2
Charms         | 3 5 6 |  6.8
Translocations | 1 2 3 4 |  4.1
Evocations     | 5 8 9 |  9.0
Necromancy     | 2 3 |  3.3
Summonings     | 3 4 5 6 |  6.0
Shields        | 1 |  1.8
Armour         | 1 2 |  2.4
Transmutations | 1 2 |  2.3

Action                   |  1- 3 |  4- 6 |  7- 9 | 10-12 | 13-15 | 16-18 | 19-21 || total
-------------------------+-------+-------+-------+-------+-------+-------+-------++-------
Melee: Dagger            |    29 |       |       |       |       |       |   152 ||   181
       Short sword       |    72 |   175 |   472 |   439 |  1022 |   567 |       ||  2747
       Rapier            |       |       |       |       |       |   659 |   274 ||   933
 Cast: Corona            |     8 |       |       |       |       |       |       ||     8
       Ensorcelled Hiber |    26 |    43 |    91 |   131 |   319 |   374 |    32 ||  1016
       Confuse           |       |    12 |    33 |    41 |   126 |   144 |    38 ||   394
       Tukima's Dance    |       |     8 |    14 |    37 |    48 |    35 |     9 ||   151
       Dazzling Spray    |       |     1 |    18 |    61 |    75 |   171 |    85 ||   411
       Yara's Violent Un |       |       |       |     4 |    11 |     9 |    16 ||    40
       Shroud of Golubri |       |       |       |       |    40 |    35 |     5 ||    80
       Ozocubu's Armour  |       |       |       |       |    17 |    16 |    12 ||    45
       Regeneration      |       |       |       |       |    11 |    29 |    10 ||    50
       Summon Ice Beast  |       |       |       |       |    10 |    16 |     1 ||    27
       Throw Icicle      |       |       |       |       |    11 |    44 |     7 ||    62
       Blink             |       |       |       |       |     2 |    18 |     5 ||    25
       Aura of Abjuratio |       |       |       |       |       |     1 |     8 ||     9
Invok: Call Merchant     |       |       |       |     2 |     1 |     2 |       ||     5
       Bribe Branch      |       |       |       |       |       |     1 |       ||     1
       Potion Petition   |       |       |       |       |       |       |     1 ||     1
 Abil: Evoke Flight      |       |       |       |       |     2 |     7 |       ||     9
Evoke: Wand              |       |       |       |     1 |     9 |     8 |       ||    18
  Use: Scroll            |       |       |    14 |    11 |     7 |    17 |    15 ||    64
       Potion            |       |       |     9 |     4 |     4 |    11 |     1 ||    29
 Stab: Sleeping          |    22 |    30 |    78 |   105 |   253 |   264 |    50 ||   802
       Confused          |       |     2 |    24 |    23 |    86 |    80 |    24 ||   239
       Invisible         |       |       |     5 |    14 |    24 |    51 |     8 ||   102
       Distracted        |       |       |     2 |     9 |     3 |    14 |    14 ||    42
       Paralysed         |       |       |       |       |     1 |       |       ||     1
  Eat: Bread ration      |       |     1 |     1 |     1 |     1 |     2 |     1 ||     7
       Fruit             |       |       |     1 |     1 |     2 |     1 |       ||     5
       Royal jelly       |       |       |     1 |     1 |     5 |     7 |       ||    14
Armor: Robe              |     8 |    14 |    11 |    11 |    64 |    50 |    18 ||   176
       Troll leather arm |       |       |       |       |       |    76 |    22 ||    98
Dodge: Dodged            |    73 |   150 |   290 |   233 |   650 |   985 |   256 ||  2637
Block: Other             |       |       |    12 |       |       |       |       ||    12
       Buckler           |       |       |       |       |     9 |   257 |   103 ||   369
